NCAA
BUTLER BULLDOGS @ VIRGINIA CAVALIERS
05/24/2028
 
TOP OF THE 1ST
Butler Bulldogs batting - Pitching for Virginia Cavaliers : RHP Will Hall
Pitching: RHP Will Hall
Batting: RHB Weldon Duke 0-0: Ball
1-0: SINGLE (Flyball, 8RS)
Batting: LHB Arnold Bernard 0-0: 2-RUN HOME RUN (Line Drive, 9LD), Distance : 343 ft
Batting: LHB Alex Kelly 0-0: Ball
1-0: Ball
2-0: Fly out, F8 (Flyball, 8LM)
Batting: LHB Víctor Piña 0-0: Ball
1-0: Ground out U3 (Groundball, 3)
Batting: SHB Kel Davis 0-0: Ball
1-0: Called Strike
1-1: TRIPLE (Line Drive, 9LS)
Batting: RHB Howard Reed 0-0: Fly out, F7 (Flyball, 7)
Top of the 1st over - 2 run(s), 3 hit(s), 0 error(s), 1 left on base; Butler 2 - Virginia 0
BOTTOM OF THE 1ST
Virginia Cavaliers batting - Pitching for Butler Bulldogs : RHP Bill Daniels
Pitching: RHP Bill Daniels
Batting: RHB Carl Curry 0-0: Ball
1-0: Called Strike
1-1: Ball
2-1: Foul Ball, location: 2F
2-2: Ground out U3 (Groundball, 34)
Batting: RHB Bert Larson 0-0: Ball
1-0: Ball
2-0: Ball
3-0: Called Strike
3-1: Foul Ball, location: 2F
3-2: Base on Balls
Batting: LHB Marvin MacGruder 0-0: Ball
1-0: Ball
2-0: Ball
3-0: Base on Balls
Bert Larson to second
Batting: RHB Mark Whiffen 0-0: Ball
1-0: Ball
2-0: Called Strike
2-1: Ball
3-1: Foul Ball, location: 2F
3-2: Foul Ball, location: 2F
3-2: DOUBLE (Line Drive, 78S)
Bert Larson scores
Marvin MacGruder to third
Runner from 3rd tries for Home, SAFE, no throw
Batting: LHB Jack Davis 0-0: Called Strike
0-1: Ball
1-1: Ball
2-1: Called Strike
2-2: Foul Ball, location: 2F
2-2: Strikes out swinging
Batting: LHB Randy Pérez 0-0: Ball
1-0: Called Strike
1-1: SINGLE (Groundball, 4D)
Mark Whiffen to third
Runner from 3rd tries for Home, SAFE, no throw
Batting: LHB António Machado 0-0: Ball
Randy Pérez steals 2nd base
1-0: SINGLE (Groundball, 4MD)
Randy Pérez to third
Runner from 3rd tries for Home, SAFE, no throw
Batting: RHB Nick Stephenson 0-0: Called Strike
António Machado steals 2nd base
0-1: Ball
1-1: Ball
2-1: Ball
3-1: Swinging Strike
3-2: Foul Ball, location: 2F
3-2: Foul Ball, location: 2F
3-2: Foul Ball, location: 2F
3-2: Fly out, F9 (Flyball, 9S)
Bottom of the 1st over - 4 run(s), 3 hit(s), 0 error(s), 1 left on base; Butler 2 - Virginia 4
TOP OF THE 2ND
Butler Bulldogs batting - Pitching for Virginia Cavaliers : RHP Will Hall
Batting: RHB Foster Love 0-0: Called Strike
0-1: Ball
1-1: Called Strike
1-2: Ball
2-2: Strikes out looking
Batting: RHB Daniel Bennett 0-0: Ball
1-0: Foul Ball, location: 2F
1-1: Foul Ball, location: 2F
1-2: Reached on error, E8 (Flyball, 8RS)
Batting: SHB Larry Walters 0-0: Called Strike
0-1: Foul Ball, location: 2F
0-2: Ball
1-2: Ball
2-2: Strikes out swinging
Batting: RHB Weldon Duke 0-0: Ground out 1-3 (Groundball, 13S)
Top of the 2nd over - 0 run(s), 0 hit(s), 1 error(s), 1 left on base; Butler 2 - Virginia 4
BOTTOM OF THE 2ND
Virginia Cavaliers batting - Pitching for Butler Bulldogs : RHP Bill Daniels
Batting: LHB Brett Anderson 0-0: Ball
1-0: Fly out, F6 (Popup, 5D)
Batting: RHB Carl Curry 0-0: Ball
1-0: Bunted foul
1-1: Ball
2-1: Called Strike
2-2: Ball
3-2: Foul Ball, location: 2F
3-2: Fly out, F9 (Flyball, 9)
Batting: RHB Bert Larson 0-0: Fly out, F7 (Line Drive, 78M)
Bottom of the 2nd over - 0 run(s), 0 hit(s), 0 error(s), 0 left on base; Butler 2 - Virginia 4
TOP OF THE 3RD
Butler Bulldogs batting - Pitching for Virginia Cavaliers : RHP Will Hall
Batting: LHB Arnold Bernard 0-0: Ball
1-0: Ball
2-0: DOUBLE (Groundball, 5D)
Batting: LHB Alex Kelly 0-0: Ball
1-0: Called Strike
1-1: Ball
2-1: SINGLE (Groundball, 4MD)
Arnold Bernard to third
Batting: LHB Víctor Piña 0-0: Swinging Strike
0-1: Ball
1-1: Ball
2-1: Swinging Strike
2-2: SINGLE (Line Drive, 56D)
Arnold Bernard scores
Alex Kelly to second
Batting: SHB Kel Davis 0-0: Ball
1-0: SINGLE (Line Drive, 89S)
Alex Kelly to third
Víctor Piña to second
Batting: RHB Howard Reed 0-0: SINGLE (Line Drive, 3)
Alex Kelly scores
Víctor Piña to third
Kel Davis to second
Batting: RHB Foster Love 0-0: Swinging Strike
0-1: Ball
1-1: Ball
2-1: Foul Ball, location: 2F
2-2: Ball
3-2: Strikes out looking
Batting: RHB Daniel Bennett 0-0: Foul Ball, location: 2F
0-1: Swinging Strike
0-2: Ball
1-2: Fly out, F8 (Flyball, 8RD)
Runner from 3rd tags up, SCORES, no throw
Batting: SHB Larry Walters 0-0: Ball
1-0: Swinging Strike
1-1: Foul Ball, location: 2F
1-2: Ball
2-2: Strikes out swinging
Top of the 3rd over - 3 run(s), 5 hit(s), 0 error(s), 2 left on base; Butler 5 - Virginia 4
BOTTOM OF THE 3RD
Virginia Cavaliers batting - Pitching for Butler Bulldogs : RHP Bill Daniels
Batting: LHB Marvin MacGruder 0-0: Ball
1-0: Swinging Strike
1-1: Ball
2-1: Foul Ball, location: 2F
2-2: Ball
3-2: Strikes out looking
Batting: RHB Mark Whiffen 0-0: Ground out 4-3 (Groundball, 4)
Batting: LHB Jack Davis 0-0: Called Strike
0-1: SINGLE (Line Drive, 6)
Batting: LHB Randy Pérez 0-0: Ball
1-0: Called Strike
1-1: Called Strike
1-2: Ground out U3 (Groundball, 34)
Bottom of the 3rd over - 0 run(s), 1 hit(s), 0 error(s), 1 left on base; Butler 5 - Virginia 4
TOP OF THE 4TH
Butler Bulldogs batting - Pitching for Virginia Cavaliers : RHP Will Hall
Batting: RHB Weldon Duke 0-0: Called Strike
0-1: Foul Ball, location: 2F
0-2: Strikes out swinging
Batting: LHB Arnold Bernard 0-0: Ball
1-0: SOLO HOME RUN (Flyball, 8RXD), Distance : 394 ft
Pitching: RHP Doug White
Batting: LHB Alex Kelly 0-0: Swinging Strike
0-1: Called Strike
0-2: Ball
1-2: Ball
2-2: Foul Ball, location: 2F
2-2: Foul Ball, location: 2F
2-2: Foul Ball, location: 2F
2-2: Strikes out looking
Pitching: RHP Noah O'Donlevy
Batting: LHB Víctor Piña 0-0: Foul Ball, location: 2F
0-1: Swinging Strike
0-2: Ball
1-2: SOLO HOME RUN (Flyball, 9D), Distance : 366 ft
Batting: SHB Kel Davis 0-0: Ball
1-0: Ball
2-0: SOLO HOME RUN (Flyball, 89XD), Distance : 362 ft
Batting: RHB Howard Reed 0-0: Called Strike
0-1: Ground out U3 (Groundball, 34)
Top of the 4th over - 3 run(s), 3 hit(s), 0 error(s), 0 left on base; Butler 8 - Virginia 4
BOTTOM OF THE 4TH
Virginia Cavaliers batting - Pitching for Butler Bulldogs : RHP Bill Daniels
Batting: LHB António Machado 0-0: Foul Ball, location: 2F
0-1: Swinging Strike
0-2: Foul Ball, location: 2F
0-2: Fly out, F6 (Line Drive, 6M)
Batting: RHB Nick Stephenson 0-0: Foul Ball, location: 2F
0-1: Ball
1-1: Fly out, F7 (Flyball, 78M)
Batting: LHB Brett Anderson 0-0: Ball
1-0: Fly out, F2 (Popup, 13)
Bottom of the 4th over - 0 run(s), 0 hit(s), 0 error(s), 0 left on base; Butler 8 - Virginia 4
TOP OF THE 5TH
Butler Bulldogs batting - Pitching for Virginia Cavaliers : RHP Noah O'Donlevy
Batting: RHB Foster Love 0-0: Called Strike
0-1: Ball
1-1: Ball
2-1: Swinging Strike
2-2: Ball
3-2: Strikes out swinging
Batting: RHB Daniel Bennett 0-0: Ball
1-0: Swinging Strike
1-1: Called Strike
1-2: Foul Ball, location: 2F
1-2: Strikes out swinging
Batting: SHB Larry Walters 0-0: Ball
1-0: Ball
2-0: Fly out, F8 (Flyball, 8RD)
Top of the 5th over - 0 run(s), 0 hit(s), 0 error(s), 0 left on base; Butler 8 - Virginia 4
BOTTOM OF THE 5TH
Virginia Cavaliers batting - Pitching for Butler Bulldogs : RHP Bill Daniels
Batting: RHB Carl Curry 0-0: Ball
1-0: Ball
2-0: Foul Ball, location: 2F
2-1: Ground out 6-3 (Groundball, 6)
Batting: RHB Bert Larson 0-0: Called Strike
0-1: Ball
1-1: Ground out 6-3 (Groundball, 6S)
Batting: LHB Marvin MacGruder 0-0: Called Strike
0-1: Ball
1-1: Ground out 4-3 (Groundball, 4)
Bottom of the 5th over - 0 run(s), 0 hit(s), 0 error(s), 0 left on base; Butler 8 - Virginia 4
TOP OF THE 6TH
Butler Bulldogs batting - Pitching for Virginia Cavaliers : RHP Noah O'Donlevy
Pitching: RHP Ed Rolston
Batting: RHB Weldon Duke 0-0: Reached via error on a dropped throw, E3
Batting: LHB Arnold Bernard 0-0: Ball
1-0: Ball
2-0: Called Strike
2-1: Ball
3-1: Base on Balls
Weldon Duke to second
Batting: LHB Alex Kelly 0-0: Ball
1-0: Foul Ball, location: 2F
1-1: Ball
2-1: Ball
3-1: Base on Balls
Weldon Duke to third
Arnold Bernard to second
Batting: LHB Víctor Piña 0-0: Ball
1-0: Called Strike
1-1: Fly out, F5 (Line Drive, 5)
Lined into DP, 5-4 (Line Drive, 5)
Batting: SHB Kel Davis 0-0: Ball
1-0: Ball
2-0: Foul Ball, location: 2F
2-1: Ball
3-1: 3-RUN HOME RUN (Flyball, 9D), Distance : 370 ft
Batting: RHB Howard Reed 0-0: Ground out 6-3 (Groundball, 6)
Top of the 6th over - 3 run(s), 1 hit(s), 1 error(s), 0 left on base; Butler 11 - Virginia 4
BOTTOM OF THE 6TH
Virginia Cavaliers batting - Pitching for Butler Bulldogs : RHP Bill Daniels
Pitching: LHP Glenn Harmon
Batting: RHB Mark Whiffen 0-0: Ball
1-0: Ball
2-0: Called Strike
2-1: Ball
3-1: Swinging Strike
3-2: Base on Balls
Batting: LHB Jack Davis 0-0: Ball
1-0: Ball
2-0: Foul Ball, location: 2F
2-1: Ball
3-1: Foul Ball, location: 2F
3-2: Foul Ball, location: 2F
3-2: Base on Balls
Mark Whiffen to second
Batting: LHB Randy Pérez 0-0: Ball
1-0: Ball
2-0: Called Strike
2-1: Foul Ball, location: 2F
2-2: Ball
3-2: Fielders Choice at 2nd, 3-6 (Groundball, 3)
Mark Whiffen to third
Batting: LHB António Machado 0-0: Ball
1-0: Called Strike
1-1: Ball
2-1: Foul Ball, location: 2F
2-2: Ball
3-2: Foul Ball, location: 2F
3-2: Base on Balls
Randy Pérez to second
Batting: RHB Nick Stephenson 0-0: Fly out, F4 (Popup, 34D)
Batting: LHB Brett Anderson 0-0: Ball
1-0: Ball
2-0: SINGLE (Flyball, 7S)
Mark Whiffen scores
Randy Pérez to third
António Machado to second
Runner from 3rd tries for Home, SAFE, no throw
Pitching: LHP Rick Estes
Batting: RHB Carl Curry 0-0: Ball
1-0: Ball
2-0: Called Strike
2-1: Foul Ball, location: 2F
2-2: Strikes out looking
Bottom of the 6th over - 2 run(s), 1 hit(s), 0 error(s), 2 left on base; Butler 11 - Virginia 6
TOP OF THE 7TH
Butler Bulldogs batting - Pitching for Virginia Cavaliers : RHP Ed Rolston
Pitching: RHP Cameron Waddell
Batting: RHB Foster Love 0-0: Ball
1-0: Foul Ball, location: 2F
1-1: Called Strike
1-2: Foul Ball, location: 2F
1-2: Strikes out swinging, 2-3 out at first.
Batting: RHB Daniel Bennett 0-0: Called Strike
0-1: Fly out, F8 (Flyball, 89M)
Batting: SHB Larry Walters 0-0: Ball
1-0: Foul Ball, location: 2F
1-1: Ball
2-1: Foul Ball, location: 2F
2-2: Ball
3-2: Base on Balls
Batting: RHB Weldon Duke 0-0: Called Strike
0-1: Swinging Strike
0-2: Ground out 1-3 (Groundball, 13S)
Top of the 7th over - 0 run(s), 0 hit(s), 0 error(s), 1 left on base; Butler 11 - Virginia 6
BOTTOM OF THE 7TH
Virginia Cavaliers batting - Pitching for Butler Bulldogs : LHP Rick Estes
Batting: RHB Bert Larson 0-0: Called Strike
0-1: Ball
1-1: Called Strike
1-2: Strikes out swinging
Batting: LHB Marvin MacGruder 0-0: SINGLE (Groundball, 4) (infield hit)
Batting: RHB Mark Whiffen 0-0: Ball
1-0: Swinging Strike
1-1: Ball
2-1: Grounds into double play, 5-4-3 (Groundball, 5L)
Bottom of the 7th over - 0 run(s), 1 hit(s), 0 error(s), 0 left on base; Butler 11 - Virginia 6
TOP OF THE 8TH
Butler Bulldogs batting - Pitching for Virginia Cavaliers : RHP Cameron Waddell
Batting: LHB Arnold Bernard 0-0: Ball
1-0: Called Strike
1-1: Swinging Strike
1-2: Ball
2-2: Strikes out looking
Batting: LHB Alex Kelly 0-0: SINGLE (Flyball, 78S)
Batting: LHB Víctor Piña 0-0: Called Strike
Alex Kelly steals 2nd base
0-1: Ball
1-1: Fly out, F2 (Popup, 3S)
Batting: SHB Kel Davis 0-0: Foul Ball, location: 2F
0-1: SINGLE (Line Drive, 89S)
Alex Kelly to third
Runner from 3rd tries for Home, SAFE, no throw
Batting: RHB Howard Reed 0-0: Ball
1-0: Foul Ball, location: 2F
1-1: Foul Ball, location: 2F
1-2: Ball
2-2: Fielders Choice at 2nd, 4-6 (Groundball, 4)
Top of the 8th over - 1 run(s), 2 hit(s), 0 error(s), 0 left on base; Butler 12 - Virginia 6
BOTTOM OF THE 8TH
Virginia Cavaliers batting - Pitching for Butler Bulldogs : LHP Rick Estes
Batting: LHB Jack Davis 0-0: Called Strike
0-1: Ball
1-1: Foul Ball, location: 2F
1-2: Foul Ball, location: 2F
1-2: Strikes out swinging
Batting: LHB Randy Pérez 0-0: Called Strike
0-1: Ball
1-1: Foul Ball, location: 2F
1-2: Ball
2-2: Foul Ball, location: 2F
2-2: Strikes out swinging
Batting: LHB António Machado 0-0: SINGLE (Line Drive, 34)
Batting: RHB Nick Stephenson 0-0: Fly out, F8 (Line Drive, 8LM)
Bottom of the 8th over - 0 run(s), 1 hit(s), 0 error(s), 1 left on base; Butler 12 - Virginia 6
TOP OF THE 9TH
Butler Bulldogs batting - Pitching for Virginia Cavaliers : RHP Cameron Waddell
Batting: RHB Foster Love 0-0: Swinging Strike
0-1: Swinging Strike
0-2: Ball
1-2: Ball
2-2: Strikes out swinging
Batting: RHB Daniel Bennett 0-0: Called Strike
0-1: Swinging Strike
0-2: Ball
1-2: Foul Ball, location: 2F
1-2: Foul Ball, location: 2F
1-2: Ball
2-2: Strikes out swinging
Batting: SHB Larry Walters 0-0: Called Strike
0-1: Ball
1-1: Foul Ball, location: 2F
1-2: Foul Ball, location: 2F
1-2: Foul Ball, location: 2F
1-2: Ball
2-2: Ball
3-2: SOLO HOME RUN (Flyball, 89XD), Distance : 383 ft
Batting: RHB Weldon Duke 0-0: Ball
1-0: Swinging Strike
1-1: Ball
2-1: Swinging Strike
2-2: Strikes out swinging
Top of the 9th over - 1 run(s), 1 hit(s), 0 error(s), 0 left on base; Butler 13 - Virginia 6
BOTTOM OF THE 9TH
Virginia Cavaliers batting - Pitching for Butler Bulldogs : LHP Rick Estes
Batting: LHB Brett Anderson 0-0: DOUBLE (Line Drive, 8RM)
Batting: RHB Carl Curry 0-0: Swinging Strike
0-1: Foul Ball, location: 2F
0-2: Ball
1-2: Strikes out swinging
Batting: RHB Bert Larson 0-0: Ball
1-0: Ball
2-0: Ball
3-0: Called Strike
3-1: Fly out, F8 (Flyball, 8RM)
Batting: LHB Marvin MacGruder 0-0: Foul Ball, location: 2F
0-1: Ball
1-1: Foul Ball, location: 2F
1-2: Foul Ball, location: 2F
1-2: SINGLE (Flyball, 8LS)
Brett Anderson to third
Runner from 3rd tries for Home, SAFE, throw made home
Marvin MacGruder to second
Batting: RHB Mark Whiffen 0-0: Ball
1-0: Foul Ball, location: 2F
1-1: Ground out 3-1 (Groundball, 34S)
Bottom of the 9th over - 1 run(s), 2 hit(s), 0 error(s), 1 left on base; Butler 13 - Virginia 7
Tuesday, August 8th, 2017 - OOTP Baseball 17.12 Build 75